 Dungeon Crawl Stone Soup version 0.25.1-2-g60ff931df9 (webtiles) character file.

Game seed: 3191133267046893969

1890 raphialitos the Covert (level 8, 0/40 HPs)
             Began as a Spriggan Assassin on Oct 27, 2020.
             Was a Believer of Dithmenos.
             Killed from afar by an orc wizard (8 damage)
             ... with a magic dart
             ... on level 7 of the Dungeon on Oct 28, 2020.
             The game lasted 00:14:19 (5748 turns).

raphialitos the Covert (Spriggan Assassin)          Turns: 5748, Time: 00:14:19

Health: 0/40       AC:  4    Str:  8    XL:     8   Next: 92%
Magic:  9/9        EV: 22    Int: 13    God:    Dithmenos [**....]
Gold:   363        SH:  0    Dex: 18    Spells: 7/7 levels left

rFire    . . .     SeeInvis +   k - +4 dagger (venom)
rCold    . . .     Gourm    .   (shield restricted)
rNeg     . . .     Faith    .   b - +1 robe
rPois    .         Spirit   .   (helmet restricted)
rElec    .         Reflect  .   c - +0 cloak
rCorr    .         Harm     .   (gloves unavailable)
MR       +....                  (boots unavailable)
Stlth    +++++++...             (no amulet)
HPRegen  0.13/turn              (no ring)
MPRegen  0.11/turn              (no ring)

@: starving, wreathed by umbra, very quick
A: very small, unfitting armour, see invisible, herbivore, speed 3, slow
metabolism 2
a: Shadow Step, Renounce Religion


You were on level 7 of the Dungeon.
You worshipped Dithmenos.
Dithmenos was pleased with you.
You were starving.

You visited 1 branch of the dungeon, and saw 7 of its levels.
You also visited: Sewer.

You collected 363 gold pieces.

Inventory:

Hand Weapons
 a - a +2 dagger
 k - a +4 dagger of venom (weapon)
Missiles
 d - 4 poisoned darts (quivered)
 e - 2 curare-tipped darts
 l - 81 bolts
 n - 52 sling bullets
 u - 7 boomerangs
 v - 50 arrows
Armour
 b - a +1 robe (worn)
 c - a +0 cloak (worn)
Wands
 s - a wand of flame (29)
Scrolls
 g - 2 scrolls of magic mapping
 r - 3 scrolls of fog
 t - 2 scrolls of identify
 x - a scroll of fear
 y - a scroll of teleportation
 C - a scroll of immolation
 E - a scroll of remove curse
Potions
 h - a potion of resistance
 i - 4 potions of curing
 j - 2 potions of haste
 m - 2 potions of invisibility
 o - a potion of brilliance {unknown}
 p - a potion of lignification {unknown}
 q - 2 potions of heal wounds {unknown}
 w - 2 potions of berserk rage {unknown}
 z - a potion of mutation {unknown}
 A - 2 potions of stabbing {unknown}
Comestibles
 f - 11 rations


   Skills:
 + Level 3.0 Fighting
 + Level 6.5 Short Blades
 + Level 3.3 Throwing
 + Level 6.0 Dodging
 + Level 13.3 Stealth


You had 7 spell levels left.
You didn't know any spells.
Your spell library was empty.

Dungeon Overview and Level Annotations

Branches:
Dungeon (7/15)             Temple (0/1) D:4           Sewer (visited)

Altars:
Ashenzari
Dithmenos
Fedhas
Hepliaklqana
Kikubaaqudgha
Okawaru
Qazlal
Sif Muna
Trog

Annotations:
D:7 Harold


Innate Abilities, Weirdness & Mutations

You are very small and have problems with some larger weapons.
You are too small for most types of armour.
You have supernaturally acute eyesight. (SInv)
You are a herbivore.
You cover ground extremely quickly.
You need to consume almost no food.


Message History

* * * LOW HITPOINT WARNING * * *
2 wights come into view.
The centaur shoots an arrow.
The arrow completely misses you.
The centaur shoots an arrow.
The arrow misses you.
You see here 2 arrows.
The centaur shoots an arrow.
The arrow misses you.
You see here an arrow.
The orc wizard casts a spell at you. The magic dart hits you.
* * * LOW HITPOINT WARNING * * *
The centaur shoots an arrow.
The arrow completely misses you.
You see here an arrow.
An orc comes into view. It is wielding a +0 flail.
The centaur shoots an arrow.
The arrow misses you.
You see here an arrow.
Found a fine morningstar.
There is a stone staircase leading up here.
The orc wizard gestures at you while chanting.
The magic dart hits you!
You die...

....###########
...............#
..)............#####
...................#
....................
.................#
...............#.#
...............#.# .##......
...o.......n.r..@# ...o.....
...............### #.#..?.##
.................# .........
...............#.####.......#
....H....o.o...#.#..@.......#
....................a...>#
...(o..........#(#.##.#..#
..l............#.#....#..#
...(...........#.######..#


You could see a necrophage, an orc wizard (invisible), an orc and a quokka.

Vanquished Creatures
  A two-headed ogre (D:6)
  2 ice beasts
  3 ogres
  A centaur (D:7)
  A crocodile (Sewer)
  2 bullfrogs (D:6)
  A scorpion (D:5)
  2 crimson imps
  2 hounds
  An orc priest (D:5)
  A bullfrog skeleton (D:6)
  An orc wizard (D:6)
  Ijyb (D:5)
  5 worker ants
  8 adders
  A shadow imp (D:5)
  4 worms
  2 dart slugs
  2 leopard geckos
  11 orcs
  7 giant cockroaches
  11 goblins
  7 hobgoblins
  3 kobolds
  A quokka (D:2)
  12 bats
  3 frilled lizards
  A quokka skeleton (D:5)
  8 rats
105 creatures vanquished.

Vanquished Creatures (others)
  A withered plant (D:5)
1 creature vanquished.

Grand Total: 106 creatures vanquished

Notes
Turn   | Place    | Note
-------+----------+-------------------------------------------
     0 | D:1      | raphialitos the Spriggan Assassin began the quest for the
                  | Orb.
     0 | D:1      | Reached XP level 1. HP: 10/10 MP: 2/2
   159 | D:1      | Reached skill level 6 in Stealth
   513 | D:1      | Reached XP level 2. HP: 14/14 MP: 3/3
   769 | D:1      | Found a shattered altar of Ashenzari.
  1077 | D:2      | Found a shadowy altar of Dithmenos.
  1083 | D:2      | Reached XP level 3. HP: 18/18 MP: 4/4
  1086 | D:2      | Reached skill level 7 in Stealth
  1093 | D:2      | Became a worshipper of Dithmenos the Shadowed
  1494 | D:2      | Found a bloodstained altar of Trog.
  1495 | D:2      | Found an iron altar of Okawaru.
  1743 | D:2      | Found a hazy altar of Hepliaklqana.
  1774 | D:2      | Reached XP level 4. HP: 23/23 MP: 5/5
  2127 | D:3      | Reached * piety under Dithmenos
  2702 | D:3      | Found a stormy altar of Qazlal.
  2746 | D:3      | Reached XP level 5. HP: 26/26 MP: 6/6
  2865 | D:3      | Found a shimmering blue altar of Sif Muna.
  2907 | D:3      | Reached skill level 8 in Stealth
  3046 | D:4      | Found a staircase to the Ecumenical Temple.
  3057 | D:4      | Noticed an ogre
  3068 | D:4      | Killed an ogre
  3068 | D:4      | Reached XP level 6. HP: 30/30 MP: 7/7
  3734 | D:5      | Entered Level 5 of the Dungeon
  3737 | D:5      | Noticed Ijyb
  3742 | D:5      | Killed Ijyb
  3809 | D:5      | Found a glowing drain.
  3813 | Sewer    | Entered a sewer
  3847 | Sewer    | Reached skill level 9 in Stealth
  4236 | D:5      | Reached XP level 7. HP: 35/35 MP: 8/8
  4261 | D:5      | Found an ancient bone altar of Kikubaaqudgha.
  4317 | D:5      | Reached ** piety under Dithmenos
  4317 | D:5      | Reached skill level 10 in Stealth
  4538 | D:5      | Found a blossoming altar of Fedhas.
  4777 | D:6      | Noticed a two-headed ogre
  4784 | D:6      | Killed a two-headed ogre
  4784 | D:6      | Reached skill level 5 in Short Blades
  4784 | D:6      | Reached skill level 5 in Dodging
  4784 | D:6      | Reached skill level 12 in Stealth
  4784 | D:6      | Reached XP level 8. HP: 39/39 MP: 9/9
  5036 | D:6      | Reached skill level 13 in Stealth
  5057 | D:6      | HP: 1/39 [bullfrog skeleton (6)]
  5611 | D:7      | Noticed Harold
  5720 | D:7      | Noticed a hippogriff
  5748 | D:7      | Killed from afar by an orc wizard

Illustrated notes

Levels and vault maps discovered:
D:1:      saegor_arrival_simple_c, layout_basic, evilmike_ruin_ashenzari
D:2:      layout_loops_cross, nicolae_overflow_hidden_temple,
          lemuel_doored_altar, nicolae_dithmenos_shadow_blocks
D:3:      layout_basic, lemuel_round_altar, lemuel_round_altar, minmay_between
D:4:      layout_gridville, temple_pool_b, first_ration
D:5:      layout_loops_ring, kiku_gazebo_garden_becter,
          lemuel_coloured_pillars_altar, gup_sewer_entry_spiral, uniq_ijyb
D:6:      layout_cave_pools
D:7:      layout_basic, lightli_ossuary_entry_decrepit_ruins, basic_altar,
          uniq_harold

Skill      XL: |  1  2  3  4  5  6  7  8 |
---------------+-------------------------+-----
Stealth        | 6 7 8 9 12 13 | 13.3
Throwing       | 3 |  3.3
Dodging        | 2 3 4 5 6 |  6.0
Short Blades   | 3 4 5 6 |  6.5
Fighting       | 2 3 |  3.0

Action                   |  1- 3 |  4- 6 |  7- 9 || total
-------------------------+-------+-------+-------++-------
Melee: Dagger            |    58 |   152 |    89 ||   299
Throw: Dart              |    27 |     3 |     1 ||    31
  Use: Scroll            |     5 |     7 |     6 ||    18
       Potion            |       |     1 |       ||     1
 Stab: Sleeping          |    11 |    18 |     7 ||    36
       Distracted        |       |     1 |       ||     1
Armor: Robe              |     4 |     9 |     3 ||    16
Dodge: Dodged            |    28 |    99 |    60 ||   187
